Workbook

Sheet Einnahmen
A1: Tag der Zahlung | B1: Beleg-Nr. | C1: Text | D1: Kategorie | E1: Brutto | F1: USt-Satz | G1: Netto | H1: USt
G2: =IF(E2="","",ROUND(E2/(1+F2),2)) | H2: =IF(E2="","",E2-G2)
G3: =IF(E3="","",ROUND(E3/(1+F3),2)) | H3: =IF(E3="","",E3-G3)
G4: =IF(E4="","",ROUND(E4/(1+F4),2)) | H4: =IF(E4="","",E4-G4)
G5: =IF(E5="","",ROUND(E5/(1+F5),2)) | H5: =IF(E5="","",E5-G5)
G6: =IF(E6="","",ROUND(E6/(1+F6),2)) | H6: =IF(E6="","",E6-G6)
G7: =IF(E7="","",ROUND(E7/(1+F7),2)) | H7: =IF(E7="","",E7-G7)
G8: =IF(E8="","",ROUND(E8/(1+F8),2)) | H8: =IF(E8="","",E8-G8)
G9: =IF(E9="","",ROUND(E9/(1+F9),2)) | H9: =IF(E9="","",E9-G9)
G10: =IF(E10="","",ROUND(E10/(1+F10),2)) | H10: =IF(E10="","",E10-G10)
G11: =IF(E11="","",ROUND(E11/(1+F11),2)) | H11: =IF(E11="","",E11-G11)
G12: =IF(E12="","",ROUND(E12/(1+F12),2)) | H12: =IF(E12="","",E12-G12)
G13: =IF(E13="","",ROUND(E13/(1+F13),2)) | H13: =IF(E13="","",E13-G13)
... G301: =IF(E301="","",ROUND(E301/(1+F301),2)) | H301: =IF(E301="","",E301-G301)

Sheet Ausgaben
A1: Tag der Zahlung | B1: Beleg-Nr. | C1: Text | D1: Kategorie | E1: Brutto | F1: USt-Satz | G1: Netto | H1: USt
G2: =IF(E2="","",ROUND(E2/(1+F2),2)) | H2: =IF(E2="","",E2-G2)
G3: =IF(E3="","",ROUND(E3/(1+F3),2)) | H3: =IF(E3="","",E3-G3)
G4: =IF(E4="","",ROUND(E4/(1+F4),2)) | H4: =IF(E4="","",E4-G4)
G5: =IF(E5="","",ROUND(E5/(1+F5),2)) | H5: =IF(E5="","",E5-G5)
G6: =IF(E6="","",ROUND(E6/(1+F6),2)) | H6: =IF(E6="","",E6-G6)
G7: =IF(E7="","",ROUND(E7/(1+F7),2)) | H7: =IF(E7="","",E7-G7)
G8: =IF(E8="","",ROUND(E8/(1+F8),2)) | H8: =IF(E8="","",E8-G8)
G9: =IF(E9="","",ROUND(E9/(1+F9),2)) | H9: =IF(E9="","",E9-G9)
G10: =IF(E10="","",ROUND(E10/(1+F10),2)) | H10: =IF(E10="","",E10-G10)
G11: =IF(E11="","",ROUND(E11/(1+F11),2)) | H11: =IF(E11="","",E11-G11)
G12: =IF(E12="","",ROUND(E12/(1+F12),2)) | H12: =IF(E12="","",E12-G12)
G13: =IF(E13="","",ROUND(E13/(1+F13),2)) | H13: =IF(E13="","",E13-G13)
... G301: =IF(E301="","",ROUND(E301/(1+F301),2)) | H301: =IF(E301="","",E301-G301)

Sheet Übersicht
A1: E/A-Rechnung: Auswertung
A2: Jahr | B2: 2026
A4: Einnahmen nach Kategorie | B4: Netto
A5: Erlöse | B5: =SUMIF(Einnahmen!$D$2:$D$301,A5,Einnahmen!$G$2:$G$301)
A6: Sonstige Betriebseinnahmen | B6: =SUMIF(Einnahmen!$D$2:$D$301,A6,Einnahmen!$G$2:$G$301)
A7: Summe Einnahmen | B7: =SUM(B5:B6)
A9: Ausgaben nach Kategorie | B9: Netto
A10: Wareneinkauf | B10: =SUMIF(Ausgaben!$D$2:$D$301,A10,Ausgaben!$G$2:$G$301)
A11: Fremdleistungen | B11: =SUMIF(Ausgaben!$D$2:$D$301,A11,Ausgaben!$G$2:$G$301)
A12: Personal | B12: =SUMIF(Ausgaben!$D$2:$D$301,A12,Ausgaben!$G$2:$G$301)
A13: Miete und Betriebskosten | B13: =SUMIF(Ausgaben!$D$2:$D$301,A13,Ausgaben!$G$2:$G$301)
A14: Kfz und Reise | B14: =SUMIF(Ausgaben!$D$2:$D$301,A14,Ausgaben!$G$2:$G$301)
A15: Büro und Software | B15: =SUMIF(Ausgaben!$D$2:$D$301,A15,Ausgaben!$G$2:$G$301)
A16: Beratung | B16: =SUMIF(Ausgaben!$D$2:$D$301,A16,Ausgaben!$G$2:$G$301)
A17: Versicherungen | B17: =SUMIF(Ausgaben!$D$2:$D$301,A17,Ausgaben!$G$2:$G$301)
A18: SVS-Beiträge | B18: =SUMIF(Ausgaben!$D$2:$D$301,A18,Ausgaben!$G$2:$G$301)
A19: Sonstige Ausgaben | B19: =SUMIF(Ausgaben!$D$2:$D$301,A19,Ausgaben!$G$2:$G$301)
A20: Summe Ausgaben | B20: =SUM(B10:B19)
A22: Gewinn vor Einkommensteuer, Nettomethode | B22: =B7-B20
A24: Monat | B24: Einnahmen netto | C24: USt | D24: Ausgaben netto | E24: Vorsteuer | F24: USt minus Vorsteuer
A25: 1 | B25: =SUMIFS(Einnahmen!$G$2:$G$301,Einnahmen!$A$2:$A$301,">="&DATE($B$2,1,1),Einnahmen!$A$2:$A$301,"<"&DATE($B$2,2,1)) | C25: =SUMIFS(Einnahmen!$H$2:$H$301,Einnahmen!$A$2:$A$301,">="&DATE($B$2,1,1),Einnahmen!$A$2:$A$301,"<"&DATE($B$2,2,1)) | D25: =SUMIFS(Ausgaben!$G$2:$G$301,Ausgaben!$A$2:$A$301,">="&DATE($B$2,1,1),Ausgaben!$A$2:$A$301,"<"&DATE($B$2,2,1)) | E25: =SUMIFS(Ausgaben!$H$2:$H$301,Ausgaben!$A$2:$A$301,">="&DATE($B$2,1,1),Ausgaben!$A$2:$A$301,"<"&DATE($B$2,2,1)) | F25: =C25-E25
A26: 2 | B26: =SUMIFS(Einnahmen!$G$2:$G$301,Einnahmen!$A$2:$A$301,">="&DATE($B$2,2,1),Einnahmen!$A$2:$A$301,"<"&DATE($B$2,3,1)) | C26: =SUMIFS(Einnahmen!$H$2:$H$301,Einnahmen!$A$2:$A$301,">="&DATE($B$2,2,1),Einnahmen!$A$2:$A$301,"<"&DATE($B$2,3,1)) | D26: =SUMIFS(Ausgaben!$G$2:$G$301,Ausgaben!$A$2:$A$301,">="&DATE($B$2,2,1),Ausgaben!$A$2:$A$301,"<"&DATE($B$2,3,1)) | E26: =SUMIFS(Ausgaben!$H$2:$H$301,Ausgaben!$A$2:$A$301,">="&DATE($B$2,2,1),Ausgaben!$A$2:$A$301,"<"&DATE($B$2,3,1)) | F26: =C26-E26
A27: 3 | B27: =SUMIFS(Einnahmen!$G$2:$G$301,Einnahmen!$A$2:$A$301,">="&DATE($B$2,3,1),Einnahmen!$A$2:$A$301,"<"&DATE($B$2,4,1)) | C27: =SUMIFS(Einnahmen!$H$2:$H$301,Einnahmen!$A$2:$A$301,">="&DATE($B$2,3,1),Einnahmen!$A$2:$A$301,"<"&DATE($B$2,4,1)) | D27: =SUMIFS(Ausgaben!$G$2:$G$301,Ausgaben!$A$2:$A$301,">="&DATE($B$2,3,1),Ausgaben!$A$2:$A$301,"<"&DATE($B$2,4,1)) | E27: =SUMIFS(Ausgaben!$H$2:$H$301,Ausgaben!$A$2:$A$301,">="&DATE($B$2,3,1),Ausgaben!$A$2:$A$301,"<"&DATE($B$2,4,1)) | F27: =C27-E27
A28: 4 | B28: =SUMIFS(Einnahmen!$G$2:$G$301,Einnahmen!$A$2:$A$301,">="&DATE($B$2,4,1),Einnahmen!$A$2:$A$301,"<"&DATE($B$2,5,1)) | C28: =SUMIFS(Einnahmen!$H$2:$H$301,Einnahmen!$A$2:$A$301,">="&DATE($B$2,4,1),Einnahmen!$A$2:$A$301,"<"&DATE($B$2,5,1)) | D28: =SUMIFS(Ausgaben!$G$2:$G$301,Ausgaben!$A$2:$A$301,">="&DATE($B$2,4,1),Ausgaben!$A$2:$A$301,"<"&DATE($B$2,5,1)) | E28: =SUMIFS(Ausgaben!$H$2:$H$301,Ausgaben!$A$2:$A$301,">="&DATE($B$2,4,1),Ausgaben!$A$2:$A$301,"<"&DATE($B$2,5,1)) | F28: =C28-E28
A29: 5 | B29: =SUMIFS(Einnahmen!$G$2:$G$301,Einnahmen!$A$2:$A$301,">="&DATE($B$2,5,1),Einnahmen!$A$2:$A$301,"<"&DATE($B$2,6,1)) | C29: =SUMIFS(Einnahmen!$H$2:$H$301,Einnahmen!$A$2:$A$301,">="&DATE($B$2,5,1),Einnahmen!$A$2:$A$301,"<"&DATE($B$2,6,1)) | D29: =SUMIFS(Ausgaben!$G$2:$G$301,Ausgaben!$A$2:$A$301,">="&DATE($B$2,5,1),Ausgaben!$A$2:$A$301,"<"&DATE($B$2,6,1)) | E29: =SUMIFS(Ausgaben!$H$2:$H$301,Ausgaben!$A$2:$A$301,">="&DATE($B$2,5,1),Ausgaben!$A$2:$A$301,"<"&DATE($B$2,6,1)) | F29: =C29-E29
A30: 6 | B30: =SUMIFS(Einnahmen!$G$2:$G$301,Einnahmen!$A$2:$A$301,">="&DATE($B$2,6,1),Einnahmen!$A$2:$A$301,"<"&DATE($B$2,7,1)) | C30: =SUMIFS(Einnahmen!$H$2:$H$301,Einnahmen!$A$2:$A$301,">="&DATE($B$2,6,1),Einnahmen!$A$2:$A$301,"<"&DATE($B$2,7,1)) | D30: =SUMIFS(Ausgaben!$G$2:$G$301,Ausgaben!$A$2:$A$301,">="&DATE($B$2,6,1),Ausgaben!$A$2:$A$301,"<"&DATE($B$2,7,1)) | E30: =SUMIFS(Ausgaben!$H$2:$H$301,Ausgaben!$A$2:$A$301,">="&DATE($B$2,6,1),Ausgaben!$A$2:$A$301,"<"&DATE($B$2,7,1)) | F30: =C30-E30
A31: 7 | B31: =SUMIFS(Einnahmen!$G$2:$G$301,Einnahmen!$A$2:$A$301,">="&DATE($B$2,7,1),Einnahmen!$A$2:$A$301,"<"&DATE($B$2,8,1)) | C31: =SUMIFS(Einnahmen!$H$2:$H$301,Einnahmen!$A$2:$A$301,">="&DATE($B$2,7,1),Einnahmen!$A$2:$A$301,"<"&DATE($B$2,8,1)) | D31: =SUMIFS(Ausgaben!$G$2:$G$301,Ausgaben!$A$2:$A$301,">="&DATE($B$2,7,1),Ausgaben!$A$2:$A$301,"<"&DATE($B$2,8,1)) | E31: =SUMIFS(Ausgaben!$H$2:$H$301,Ausgaben!$A$2:$A$301,">="&DATE($B$2,7,1),Ausgaben!$A$2:$A$301,"<"&DATE($B$2,8,1)) | F31: =C31-E31
A32: 8 | B32: =SUMIFS(Einnahmen!$G$2:$G$301,Einnahmen!$A$2:$A$301,">="&DATE($B$2,8,1),Einnahmen!$A$2:$A$301,"<"&DATE($B$2,9,1)) | C32: =SUMIFS(Einnahmen!$H$2:$H$301,Einnahmen!$A$2:$A$301,">="&DATE($B$2,8,1),Einnahmen!$A$2:$A$301,"<"&DATE($B$2,9,1)) | D32: =SUMIFS(Ausgaben!$G$2:$G$301,Ausgaben!$A$2:$A$301,">="&DATE($B$2,8,1),Ausgaben!$A$2:$A$301,"<"&DATE($B$2,9,1)) | E32: =SUMIFS(Ausgaben!$H$2:$H$301,Ausgaben!$A$2:$A$301,">="&DATE($B$2,8,1),Ausgaben!$A$2:$A$301,"<"&DATE($B$2,9,1)) | F32: =C32-E32
A33: 9 | B33: =SUMIFS(Einnahmen!$G$2:$G$301,Einnahmen!$A$2:$A$301,">="&DATE($B$2,9,1),Einnahmen!$A$2:$A$301,"<"&DATE($B$2,10,1)) | C33: =SUMIFS(Einnahmen!$H$2:$H$301,Einnahmen!$A$2:$A$301,">="&DATE($B$2,9,1),Einnahmen!$A$2:$A$301,"<"&DATE($B$2,10,1)) | D33: =SUMIFS(Ausgaben!$G$2:$G$301,Ausgaben!$A$2:$A$301,">="&DATE($B$2,9,1),Ausgaben!$A$2:$A$301,"<"&DATE($B$2,10,1)) | E33: =SUMIFS(Ausgaben!$H$2:$H$301,Ausgaben!$A$2:$A$301,">="&DATE($B$2,9,1),Ausgaben!$A$2:$A$301,"<"&DATE($B$2,10,1)) | F33: =C33-E33
A34: 10 | B34: =SUMIFS(Einnahmen!$G$2:$G$301,Einnahmen!$A$2:$A$301,">="&DATE($B$2,10,1),Einnahmen!$A$2:$A$301,"<"&DATE($B$2,11,1)) | C34: =SUMIFS(Einnahmen!$H$2:$H$301,Einnahmen!$A$2:$A$301,">="&DATE($B$2,10,1),Einnahmen!$A$2:$A$301,"<"&DATE($B$2,11,1)) | D34: =SUMIFS(Ausgaben!$G$2:$G$301,Ausgaben!$A$2:$A$301,">="&DATE($B$2,10,1),Ausgaben!$A$2:$A$301,"<"&DATE($B$2,11,1)) | E34: =SUMIFS(Ausgaben!$H$2:$H$301,Ausgaben!$A$2:$A$301,">="&DATE($B$2,10,1),Ausgaben!$A$2:$A$301,"<"&DATE($B$2,11,1)) | F34: =C34-E34
A35: 11 | B35: =SUMIFS(Einnahmen!$G$2:$G$301,Einnahmen!$A$2:$A$301,">="&DATE($B$2,11,1),Einnahmen!$A$2:$A$301,"<"&DATE($B$2,12,1)) | C35: =SUMIFS(Einnahmen!$H$2:$H$301,Einnahmen!$A$2:$A$301,">="&DATE($B$2,11,1),Einnahmen!$A$2:$A$301,"<"&DATE($B$2,12,1)) | D35: =SUMIFS(Ausgaben!$G$2:$G$301,Ausgaben!$A$2:$A$301,">="&DATE($B$2,11,1),Ausgaben!$A$2:$A$301,"<"&DATE($B$2,12,1)) | E35: =SUMIFS(Ausgaben!$H$2:$H$301,Ausgaben!$A$2:$A$301,">="&DATE($B$2,11,1),Ausgaben!$A$2:$A$301,"<"&DATE($B$2,12,1)) | F35: =C35-E35
A36: 12 | B36: =SUMIFS(Einnahmen!$G$2:$G$301,Einnahmen!$A$2:$A$301,">="&DATE($B$2,12,1),Einnahmen!$A$2:$A$301,"<"&DATE($B$2,13,1)) | C36: =SUMIFS(Einnahmen!$H$2:$H$301,Einnahmen!$A$2:$A$301,">="&DATE($B$2,12,1),Einnahmen!$A$2:$A$301,"<"&DATE($B$2,13,1)) | D36: =SUMIFS(Ausgaben!$G$2:$G$301,Ausgaben!$A$2:$A$301,">="&DATE($B$2,12,1),Ausgaben!$A$2:$A$301,"<"&DATE($B$2,13,1)) | E36: =SUMIFS(Ausgaben!$H$2:$H$301,Ausgaben!$A$2:$A$301,">="&DATE($B$2,12,1),Ausgaben!$A$2:$A$301,"<"&DATE($B$2,13,1)) | F36: =C36-E36
A37: Summe | B37: =SUM(B25:B36) | C37: =SUM(C25:C36) | D37: =SUM(D25:D36) | E37: =SUM(E25:E36) | F37: =SUM(F25:F36)
A39: Eintragen: das Blatt Einnahmen und das Blatt Ausgaben. Maßgeblich ist der Tag, an dem das Geld fließt.
A40: Kleinunternehmer tragen den USt-Satz 0% ein.
A41: Die Monatsspalten zeigen Zahlungen. Bei Sollbesteuerung ist die UVA anders zu rechnen.
A42: Allgemeine Vorlage, keine Steuerberatung. Abschreibungen rechnet sie nicht. Quelle der Regeln: usp.gv.at
